 Dungeon Crawl Stone Soup version 0.24.0-13-gcf9b319 (webtiles) character file.

Game seed: 15405500330610218088, levelgen mode: deterministic

65 Bronimir the Stinger (level 4, 0/31 HPs)
             Began as a Formicid Venom Mage on Apr 9, 2020.
             Slain by a hound (4 damage)
             ... on level 3 of the Dungeon.
             The game lasted 00:06:22 (2430 turns).

Bronimir the Stinger (Formicid Venom Mage)          Turns: 2430, Time: 00:06:22

Health: 0/31       AC:  3    Str: 13    XL:     4   Next: 35%
Magic:  1/7        EV:  8    Int: 15    God:
Gold:   110        SH:  3    Dex: 11    Spells: 1/7 levels left

rFire    . . .     SeeInvis +   b - +0 hunting sling (curse)
rCold    . . .     Gourm    .   f - +0 buckler
rNeg     . . .     Faith    +   o - +0 leather armour
rPois    .         Spirit   .   (helmet unavailable)
rElec    .         Reflect  .   (no cloak)
rCorr    .         Harm     .   (no gloves)
MR       .....                  (no boots)
Stlth    ++........             d - amulet of faith
HPRegen  0.10/turn              e - -3 ring of evasion (curse)
MPRegen  0.10/turn              (no ring)

@: very slightly contaminated
A: permanent stasis, dig shafts and tunnels, four strong arms, antennae 3
a: Dig, Shaft Self


You were on level 3 of the Dungeon.
You were not hungry.

You visited 1 branch of the dungeon, and saw 3 of its levels.

You collected 110 gold pieces.

Inventory:

Hand Weapons
 b - a cursed +0 hunting sling (weapon)
 g - a +0 mace
 p - a +0 whip
 q - a +0 hunting sling
Missiles
 h - 13 poisoned darts
 i - 117 stones (quivered)
 k - 34 arrows
Armour
 a - a +0 robe
 f - a +0 buckler (worn)
 m - a cursed +0 ring mail
 o - a +0 leather armour (worn)
Jewellery
 d - an amulet of faith (around neck)
 e - a cursed -3 ring of evasion (left hand)
 t - an uncursed ring of protection from magic {unknown}
Scrolls
 j - 5 scrolls of identify
 r - a scroll of random uselessness {unknown}
 s - a scroll of enchant armour {unknown}
Potions
 l - 3 potions of magic {unknown}
 n - a potion of heal wounds {unknown}
Comestibles
 c - 8 rations


   Skills:
 * Level 0.4 Fighting
 + Level 2.0 Slings
 * Level 1.6 Armour
 + Level 2.1 Dodging
 - Level 2.4 Stealth
 * Level 1.1 Shields
 * Level 2.3 Spellcasting
 - Level 0.8 Conjurations
 * Level 4.4 Poison Magic


You had one spell level left.
You knew the following spells:

 Your Spells              Type           Power        Failure   Level  Hunger
a - Sting                 Conj/Pois      #...         12%         1    #......
b - Poisonous Vapours     Pois/Air       #.....       22%         2    ###....
c - Mephitic Cloud        Conj/Pois/Air  #.......     45%         3    ###....

Your spell library contained the following spells:

 Spells                   Type           Power        Failure   Level  Hunger
 Magic Dart               Conj           #...         26%         1    #......
 Call Imp                 Summ           #.......     47%         2    ###....
 Slow                     Hex            #.......     47%         2    ###....
 Olgreb's Toxic Radiance  Pois           ###.....     50%         4    #####..
 Conjure Flame            Conj/Fire      #.......     65%         3    ###....
 Venom Bolt               Conj/Pois      #.........   97%         5    ######.
 Blink                    Tloc           Unusable     N/A         2    N/A

Dungeon Overview and Level Annotations

Branches:
Dungeon (3/15)

Altars:


Innate Abilities, Weirdness & Mutations

You cannot be hasted, slowed, berserked, paralysed or teleported.
You can dig through walls and to a lower floor.
Your four strong arms can wield two-handed weapons with a shield.
You have a pair of large antennae on your head. (SInv)


Message History

Press: ? - help, Shift-Dir - straight line, f/p - hound
Aim: a hound (heavily wounded, poisoned)
The sting hits the hound but does no damage.
The hound looks even sicker.
The hound is heavily wounded.
The hound pauses to sniff the ground.
The hound bites you.
* * * LOW HITPOINT WARNING * * *
The hound misses you. The hound barely misses you.
Casting: Sting (safe; 12% risk of failure)
Confirm with . or Enter, or press ? or * to list all spells.
Aiming: Poisonous Vapours (safe; 22% risk of failure)
Press: ? - help, Dir - move target cursor, f/p - hound
Aim: a hound (severely wounded, poisoned) Poisonous vapours surround the hound!
The hound looks even sicker.
The hound bites you.
* * * LOW HITPOINT WARNING * * *
The hound bites you.
You die...

.#.# #..........$.# .#.#
#............##
.#'###.............#
.......#...........# .
.......#.......†...#######..
.......#...........#........
#......#..........##........
#......#..........##........
#......+........@h....(...((
#.^....#..........##......(.
#......#..........#........(
#......$...#.########
.#.......##. #.......##.
#....$..##. +.......##.


You could see a hound.

Vanquished Creatures
  2 worms (D:2)
  A dart slug (D:2)
  5 leopard geckos
  A ball python (D:3)
  6 giant cockroaches
  6 goblins
  3 hobgoblins
  10 kobolds
  A quokka (D:3)
  4 bats
  5 frilled lizards
  6 rats
50 creatures vanquished.

Notes
Turn   | Place    | Note
-------+----------+-------------------------------------------
     0 | D:1      | Bronimir the Formicid Venom Mage began the quest for the
                  | Orb.
     0 | D:1      | Reached XP level 1. HP: 13/13 MP: 3/3
   413 | D:1      | Reached XP level 2. HP: 19/19 MP: 5/5
   502 | D:1      | Reached skill level 1 in Armour
   524 | D:1      | Reached skill level 1 in Shields
   722 | D:1      | Learned a level 2 spell: Poisonous Vapours
   728 | D:1      | Reached XP level 3. HP: 24/24 MP: 3/6
   862 | D:1      | Reached skill level 1 in Slings
  1171 | D:1      | Learned a level 3 spell: Mephitic Cloud
  2004 | D:2      | Reached XP level 4. HP: 26/30 MP: 7/7
  2430 | D:3      | Slain by a hound

Levels and vault maps discovered:
D:1:      dpeg_arrival_concentric_ovals, layout_basic
D:2:      layout_loops_ring
D:3:      layout_basic, nicolae_overflow_crystal_walls

Skill      XL: |  1  2  3  4 |
---------------+-------------+-----
Dodging        | 2 |  2.1
Armour         | 1 |  1.6
Shields        | 1 |  1.1
Slings         | 1 2 |  2.0
Fighting       | |  0.4
Stealth        | |  2.4
Spellcasting   | |  2.3
Conjurations   | |  0.8
Poison Magic   | |  4.4

Action                   |  1- 3 |  4- 6 || total
-------------------------+-------+-------++-------
Melee: Mace              |    10 |       ||    10
 Fire: Hunting sling     |    94 |    51 ||   145
 Cast: Sting             |     5 |     1 ||     6
       Poisonous Vapours |     7 |     3 ||    10
  Use: Scroll            |     3 |       ||     3
  Eat: Chunk             |     3 |     2 ||     5
Armor: Robe              |    18 |       ||    18
       Leather armour    |       |     9 ||     9
Dodge: Dodged            |    22 |     7 ||    29
Block: Buckler           |     7 |     4 ||    11
